 Dungeon Crawl Stone Soup version 0.29.0-5-ge4962eb29e (webtiles) character file.

Game seed: 9836732605938272668

1831 iguanaiguana the Tainter (level 8, 0/63 HPs)
             Began as a Demigod Venom Mage on Aug 30, 2022.
             Slain by Duvessa
             ... wielding a +0 short sword
              (10 damage)
             ... on level 7 of the Dungeon.
             The game lasted 00:33:39 (3483 turns).

iguanaiguana the Tainter (Demigod Venom Mage)       Turns: 3483, Time: 00:33:39

Health: 0/63       AC:  3    Str:  9    XL:     8   Next: 56%
Magic:  1/15       EV: 16    Int: 25    God:
Gold:   198        SH:  0    Dex: 14    Spells: 1/13 levels left

rFire   . . .      SeeInvis .   a - +4 trident (freeze)
rCold   . . .      Faith    .   (no shield)
rNeg    . . .      Spirit   .   A - +0 robe
rPois   .          Reflect  .   (no helmet)
rElec   .          Harm     .   v - +0 cloak
rCorr   .          Rampage  .   (no gloves)
Will    .....                   (no boots)
Stlth   ++........              e - amulet of the acrobat
HPRegen 0.20/turn               l - +4 ring of evasion
MPRegen 0.14/turn               (no ring)

@: no status effects
A: high MP 1, forlorn, divine attributes
a: no special abilities


You were on level 7 of the Dungeon.
You visited 1 branch of the dungeon, and saw 7 of its levels.

You collected 198 gold pieces.

Inventory:

Hand Weapons
 a - a +4 trident of freezing (weapon)
Armour
 j - a +0 kite shield
 v - a +0 cloak (worn)
 A - a +0 robe (worn)
Magical Staves
 b - a staff of air
Jewellery
 e - an amulet of the acrobat (around neck)
 l - a +4 ring of evasion (left hand)
 o - a ring of protection from fire
Wands
 p - a wand of light (15)
 w - a wand of paralysis (16)
Scrolls
 d - a scroll of enchant armour
 f - 2 scrolls of teleportation {@r3}
 h - a scroll of fog
 k - a scroll of poison
 r - a scroll of fear {unknown}
 s - a scroll of vulnerability {unknown}
 y - a scroll of brand weapon {unknown}
Potions
 c - a potion of magic
 g - a potion of berserk rage
 i - a potion of heal wounds {@q2}
 m - a potion of resistance {@q5}
 n - 2 potions of flight
 q - a potion of ambrosia {unknown}
 t - 2 potions of mutation {unknown}
 u - a potion of haste {unknown}
 x - a potion of degeneration {unknown}
 z - a potion of cancellation {unknown}
 C - a potion of brilliance {unknown}


   Skills:
 + Level 3.2 Fighting
 - Level 1.7 Dodging
 - Level 1.7 Stealth
 - Level 3.0 Spellcasting
 - Level 4.0 Conjurations
 - Level 0.8 Transmutations
 - Level 4.0 Air Magic
 - Level 8.0 Poison Magic


You had one spell level left.
You knew the following spells:

 Your Spells              Type           Power      Damage    Failure   Level
a - Sting                 Tmut/Pois      100%       1d8       1%          1
b - Poisonous Vapours     Pois/Air       66%        N/A       1%          2
c - Mephitic Cloud        Conj/Pois/Air  30%        N/A       3%          3
d - Olgreb's Toxic Radia  Pois           43%        N/A       3%          4
e - Searing Ray           Conj           46%        2d6       3%          2

Your spell library contained the following spells:

 Spells                   Type           Power      Damage    Failure   Level
 Magic Dart               Conj           92%        1d7       1%          1
 Fulminant Prism          Conj/Hex       6%         3d7       41%         4
 Iskenderun's Mystic Bla  Conj/Tloc      13%        2d5       41%         4
 Lee's Rapid Deconstruct  Erth           1%         3d5*      95%         5


Dungeon Overview and Level Annotations

Branches:
Dungeon (7/15) Zot: 26980
 Temple: D:4-7

Shops:
D:1 ?   D:6 (

Annotations:
D:7 Duvessa


Innate Abilities, Weirdness & Mutations

You have an increased reservoir of magic. (+10% MP)
You shall have no god before yourself.
Your divine heritage dramatically boosts your attributes as you level up.


Message History

You kill the kobold!
Reach: a) +4 trident (freeze)
Press: ? - help, Dir - move target, f - Duvessa, p - Dowan
Aim: Duvessa, wielding a +0 short sword and wearing a +0 ring mail (heavily wounded, extremely poisoned, about 30% to evade your +4 trident of freezing)
You reach to attack!
You completely miss Duvessa.
Duvessa is heavily wounded.
Duvessa looks as sick as possible!
Reach: a) +4 trident (freeze)
Press: ? - help, Dir - move target, f/p - Duvessa
Aim: Duvessa, wielding a +0 short sword and wearing a +0 ring mail (severely wounded, extremely poisoned, about 30% to evade your +4 trident of freezing)
You barely miss Duvessa.
Duvessa is severely wounded.
Your toxic aura wanes.
You kill Dowan!
Duvessa weeps, and shakes her weapon.
Duvessa goes berserk!
Duvessa hits you with a +0 short sword! x2
Your Fighting skill increases to level 3!
Reach: a) +4 trident (freeze)
Press: ? - help, Dir - move target, f/p - Duvessa
Aim: Duvessa, wielding a +0 short sword and wearing a +0 ring mail (severely wounded, berserk, extremely poisoned, about 30% to evade your +4 trident of freezing)
You closely miss Duvessa.
Duvessa is severely wounded.
Duvessa hits you with a +0 short sword!
* * * LOW HITPOINT WARNING * * *
Reach: a) +4 trident (freeze)
Press: ? - help, Dir - move target, f/p - Duvessa
Aim: Duvessa, wielding a +0 short sword and wearing a +0 ring mail (severely wounded, berserk, extremely poisoned, about 30% to evade your +4 trident of freezing)
You barely miss Duvessa.
Duvessa is severely wounded.
Duvessa hits you with a +0 short sword!
* * * LOW HITPOINT WARNING * * *
Reach: a) +4 trident (freeze)
Press: ? - help, Dir - move target, f/p - Duvessa
Aim: Duvessa, wielding a +0 short sword and wearing a +0 ring mail (almost dead, berserk, extremely poisoned, about 30% to evade your +4 trident of freezing)
You hit Duvessa. You freeze Duvessa.
Duvessa is almost dead.
Duvessa hits you with a +0 short sword.
* * * LOW HITPOINT WARNING * * *
Duvessa hits you with a +0 short sword!
You die...

# ###
###.####<####..
#...?)e@........
...)....##.##....#
#....)..+.... .###
#.).....#....# #
..))....#..###
.)#####.##.# .
#.##.# #.. .#


You could see Duvessa (berserk, extremely poisoned).

Vanquished Creatures
  3 yaks (D:5)
  A steam dragon (D:6)
  2 ice beasts
  A sky beast (D:4)
  A black bear (D:5)
  2 ogres
  A centaur (D:6)
  A phantom (D:4)
  A kobold brigand (D:7)
  A necrophage (D:3)
  Dowan (D:7)
  A wight (D:4)
  A howler monkey (D:5)
  An electric eel (D:6)
  2 hounds
  An iguana (D:6)
  7 adders
  A shadow imp (D:6)
  An ufetubus (D:6)
  4 worms
  4 dart slugs
  6 orcs
  9 ball pythons
  6 endoplasms
  A giant cockroach (D:1)
  11 goblins
  11 hobgoblins
  2 jackals (D:2)
  11 kobolds
  7 quokkas
  4 bats
  A frilled lizard (D:2)
107 creatures vanquished.

Vanquished Creatures (others)
  2 fungi (D:6)
2 creatures vanquished.

Grand Total: 109 creatures vanquished

Notes
Turn   | Place    | Note
-------+----------+-------------------------------------------
     0 | D:1      | iguanaiguana the Demigod Venom Mage began the quest for the
                  | Orb.
     0 | D:1      | Reached XP level 1. HP: 14/14 MP: 5/5
   115 | D:1      | Reached skill level 3 in Poison Magic
   217 | D:1      | Reached XP level 2. HP: 15/20 MP: 2/7
   225 | D:1      | Learned a level 2 spell: Poisonous Vapours
   264 | D:1      | Found Urufeopa's Magic Scroll Shop.
   655 | D:2      | Reached XP level 3. HP: 18/26 MP: 4/8
   704 | D:2      | Reached skill level 4 in Poison Magic
   995 | D:2      | Reached skill level 1 in Air Magic
  1222 | D:3      | Reached XP level 4. HP: 33/33 MP: 6/9
  1262 | D:3      | Noticed an ice beast
  1280 | D:3      | Killed an ice beast
  1281 | D:3      | Reached skill level 5 in Poison Magic
  1281 | D:3      | Reached XP level 5. HP: 14/38 MP: 6/10
  1608 | D:3      | Reached skill level 1 in Conjurations
  1622 | D:3      | Learned a level 2 spell: Searing Ray
  1626 | D:3      | Learned a level 3 spell: Mephitic Cloud
  1777 | D:4      | Noticed an ice beast
  1797 | D:4      | Killed an ice beast
  1909 | D:4      | Noticed a sky beast
  1914 | D:4      | Reached XP level 6. HP: 20/45 MP: 9/11
  2112 | D:4      | Reached skill level 1 in Fighting
  2520 | D:4      | Reached XP level 7. HP: 55/55 MP: 10/13
  2574 | D:5      | Entered Level 5 of the Dungeon
  2644 | D:5      | Learned a level 4 spell: Olgreb's Toxic Radiance
  2684 | D:5      | Reached skill level 6 in Poison Magic
  2700 | D:5      | Noticed a yak
  2701 | D:5      | Noticed a yak
  2744 | D:5      | HP: 1/55 [yak (15)]
  2747 | D:5      | Killed a yak
  2749 | D:5      | HP: 2/55 [yak (11)]
  2756 | D:5      | Killed a yak
  2757 | D:5      | Reached skill level 7 in Poison Magic
  2757 | D:5      | Reached XP level 8. HP: 6/61 MP: 1/15
  3084 | D:6      | Reached skill level 8 in Poison Magic
  3446 | D:6      | Found Celifop's Weapon Shop.
  3470 | D:7      | Noticed Duvessa
  3472 | D:7      | Noticed Dowan
  3480 | D:7      | Killed Dowan
  3483 | D:7      | Slain by Duvessa

Illustrated notes

Levels and vault maps discovered:
D:1:      erik_arrival_cave_to_civilisation [erik_arrival_cave_to_hall],
          layout_basic, serial_shops, shop_fountains
D:2:      layout_basic, nicolae_ecumenical_snake_handling,
          minmay_misc_feat_doors, chequers_serial_rivers_micro_a,
          kennysheep_cluttered_room, minmay_randomly_rotated_circles
D:3:      layout_basic, mainiacjoe_overflow_small_starburst,
          guppyfry_early_orc_mine
D:4:      cheibrodos_barr_body, layout_cave_pools,
          chequers_temple_overflow_minitemple, zin_scriptorium,
          minmay_temple_entry_trees
D:5:      layout_basic, minmay_holes, serial_bayou_lagoon_a,
          nicolae_shop_self_help
D:6:      layout_basic, mainiacjoe_overflow_chevrons,
          nicolae_overflow_two_pavilions, serial_shops,
          nicolae_shop_competitors_out_of_business
D:7:      minmay_the_grid_triangle_9x9_rhombus_thin
          [minmay_the_grid_triangle_9x9_from_above,
          minmay_the_grid_triangle_9x9_prize_top_heavy,
          minmay_the_grid_triangle_9x9_thin_v,
          minmay_the_grid_triangle_9x9_longest], layout_basic, enter_bailey_4,
          uniq_duvessa, uniq_joseph

Skill      XL: |  1  2  3  4  5  6  7  8 |
---------------+-------------------------+-----
Poison Magic   | 3 4 5 7 8 |  8.0
Spellcasting   | 2 3 |  3.0
Air Magic      | 1 2 4 |  4.0
Conjurations   | 3 4 |  4.0
Fighting       | 2 3 |  3.2
Dodging        | |  1.7
Stealth        | |  1.7
Transmutations | |  0.8

Action                   |  1- 3 |  4- 6 |  7- 9 || total
-------------------------+-------+-------+-------++-------
Melee: Club              |     2 |       |       ||     2
       Dagger            |    13 |       |       ||    13
       Hand axe          |       |    41 |       ||    41
       Trident           |       |       |    35 ||    35
 Cast: Sting             |    80 |    52 |     2 ||   134
       Searing Ray       |       |     6 |     2 ||     8
       Poisonous Vapours |       |     3 |    26 ||    29
       Mephitic Cloud    |       |     2 |     1 ||     3
       Olgreb's Toxic Ra |       |       |     6 ||     6
Evoke: Wand              |       |       |     3 ||     3
  Use: Potion            |       |     3 |     6 ||     9
       Scroll            |       |       |     6 ||     6
 Stab: Paralysed         |       |       |     2 ||     2
Armor: Robe              |     9 |     7 |     6 ||    22
Dodge: Dodged            |    45 |    58 |    67 ||   170
